 Dungeon Sprint DCSS version 0.17-a0-1636-g3119f2b (webtiles) character file.

2161 Kidiri the Covert (level 9, -1/35 HPs)
             Began as a Spriggan Enchanter on Aug 5, 2015.
             Was a Follower of Dithmenos.
             Slain by a kraken (29 damage)
             ... in the Dungeon (Sprint II: "The Violet Keep of Menkaure").
             The game lasted 00:14:45 (1935 turns).

Kidiri the Covert (Spriggan Enchanter)              Turns: 1935, Time: 00:14:45

Health: -1/35      AC:  4    Str:  4    XL:     9   Next: 10%
Magic:  17/25      EV: 30    Int: 18    God:    Dithmenos [*.....]
Gold:   236        SH:  0    Dex: 18    Spells: 9 memorised, 0 levels left

rFire  . . .     SeeInvis +     a - +1 dagger
rCold  . . .     Rnd*Rage +     f - +2 robe {MR+}
rNeg   . . .     SustAt   .     (shield restricted)
rPois  .         Gourm    .     (helmet restricted)
rElec  .         Spirit   .     (no cloak)
rCorr  .         Warding  .     (gloves unavailable)
rMut   .         NoTele   +     (boots unavailable)
MR     ++...                    (no amulet)
Stlth  ++++++++..               (no ring)
                                (no ring)

@: very slightly contaminated, wreathed by umbra, invisible (expiring), very
quick, very resistant to hostile enchantments, extraordinarily stealthy
A: unfitting armour, see invisible, berserk 1, herbivore 3, speed 3, frail 1,
slow metabolism 2
a: Renounce Religion


You were in the Dungeon.
You worshipped Dithmenos.
Dithmenos was aware of your devotion.
You were not hungry.

You visited 1 branch You collected 1153 gold pieces.
You spent 917 gold pieces at shops.

Inventory:

Hand weapons
 a - a +1 dagger (weapon)
 b - a +0 arbalest
Missiles
 i - 24 bolts
Armour
 f - a +2 robe of magic resistance (worn)
Scrolls
 j - a scroll of blinking
 n - a scroll of remove curse
Potions
 g - 2 potions of haste
 h - 4 potions of magic
 o - 3 potions of flight
 q - a potion of cancellation
 t - a potion of might
 u - a potion of invisibility
 v - 3 potions of resistance {unknown}
Books
 c - a book of Maledictions

   Spells                             Type                      Level
   a - Corona                         Hexes                        1
   b - Ensorcelled Hibernation        Hexes/Ice                    2
   c - Confuse                        Hexes                        3
   d - Tukima's Dance                 Hexes                        3
   e - Dazzling Spray                 Conjuration/Hexes            3
 e - a book of Burglary

   Spells                             Type                      Level
   a - Swiftness                      Charms/Air                   2
   b - Passwall                       Transmutation/Earth          3
   c - Passage of Golubria            Translocation                4
   d - Lee's Rapid Deconstruction     Earth                        5
   e - Darkness                       Hexes                        6
   f - Invisibility                   Hexes                        6
Comestibles
 d - 5 bread rations


   Skills:
 + Level 7.4 Short Blades
 * Level 13.4 Dodging
 * Level 14.6 Stealth
 * Level 11.6 Spellcasting
 + Level 3.4 Conjurations
 + Level 8.9 Hexes
 + Level 3.7 Transmutations
 + Level 3.8 Ice Magic
 + Level 2.4 Earth Magic
 + Level 0.8 Invocations


You couldn't memorise any spells.
You knew the following spells:

 Your Spells              Type           Power        Failure   Level  Hunger
a - Corona                Hex            #####..      1%          1    None
b - Ensorcelled Hibernat  Hex/Ice        ####..       1%          2    None
c - Confuse               Hex            #####...     1%          3    None
d - Tukima's Dance        Hex            #####...     1%          3    None
e - Dazzling Spray        Conj/Hex       ####....     1%          3    None
f - Passwall              Trmt/Erth      ###.......   6%          3    None
g - Darkness              Hex            #####.....   30%         6    ######.
h - Invisibility          Hex            #####...     30%         6    ######.
i - Passage of Golubria   Tloc           N/A          78%         4    ##.....


Dungeon Overview and Level Annotations

Branches:
Dungeon (1/1)

Altars:
Cheibriados
Dithmenos
Elyvilon
Fedhas
Gozag
Kikubaaqudgha
Makhleb
Nemelex Xobeh
Okawaru
Qazlal
Ru
Sif Muna
Trog
Vehumet
Xom
Yredelemnul
Zin
The Shining One
Beogh
Jiyva
Lugonu

Shops:
D =[:%%!}([=!?[(:(

Annotations:
D exclusion: oklob plant


Innate Abilities, Weirdness & Mutations

You are tiny and cannot use many weapons and most armour.
You have supernaturally acute eyesight.
You are a herbivore.
You cover ground extremely quickly.
You need consume almost no food.
You tend to lose your temper in combat.
You are frail (-10% HP).


Message History

The kraken is moderately wounded.
The kraken completely misses you.
You catch the helpless kraken completely off-guard!
You impale the kraken!!
The kraken is heavily wounded.
The kraken bites you!
You catch the helpless kraken completely off-guard!
You impale the kraken!!
The kraken is severely wounded.
You flicker for a moment.
The kraken barely misses you.
You hit the kraken but do no damage.
The kraken is severely wounded.
The kraken closely misses you.
You catch the helpless kraken completely off-guard!
You impale the kraken!!
The kraken is severely wounded.
The kraken bites you!!
Ouch! That really hurt!
You die...

.*,,#):▓(...(..(▓▓,⌠,*,*,+≈,,≈+,*
.##.#})▓.[....).▓▓,,,*,*,+≈,,≈+,*
...####▓....([(.▓▓,,,*,*,+≈,,≈+,*
#..##.#▓().).)..▓▓,,,*,*,+≈,,≈+,*
+..#..#▓...)..(.▓▓,,,*,*,+≈,,≈+,*
#..#%%#▓)[%))§()▓▓,⌠,*,*,*≈,,≈*,*
#..##.#▓..[(..=§▓▓,,,*,*,*≈,,≈*,*
##...##▓▓▓▓▓▓▓§▓▓▓▓+▓*,***≈,,≈***
.≈≈≈≈≈≈≈≈§§≈≈≈..@≈≈≈▓,,,,,,,,**
.≈#+########'###.X≈≈▓,,,,,,,**
.≈#..._._._#≈≈≈##≈≈≈▓,,,,,,**
§≈#.._._._.#§§§§####▓****≈**
≈≈#._._._._#≈§§≈§##,,*,,*≈*
≈§#_._._._.#≈§§≈§§#,,*,,*≈*
§≈#._._._..#§§§§§§+,,+,,*≈*
§§#_._._...#§§§§§§#,,*,,*≈*
§§#._.⌠....#≈≈≈§≈≈▓,,*,,*≈*


You could see a kraken.

Vanquished Creatures
  A yaktaur (D)
  3 polar bears (D)
  A blink frog (D)
  2 boulder beetles (D)
  Menkaure (D)
  4 necrophages (D)
  A wasp (D)
  5 crocodiles (D)
  4 worker ants (D)
  3 worms (D)
25 creatures vanquished.

Vanquished Creatures (others)
  8 tentacles (D)
  97 tentacle segments (D)
105 creatures vanquished.

Grand Total: 130 creatures vanquished

Notes
Turn   | Place    | Note
--------------------------------------------------------------
     0 | D        | Kidiri the Spriggan Enchanter began the quest for the Orb.
     0 | D        | Reached XP level 1. HP: 9/9 MP: 5/5
     1 | D        | Noticed a necrophage
     1 | D        | Noticed a necrophage
     1 | D        | Noticed a necrophage
     1 | D        | Noticed a necrophage
     6 | D        | Killed a necrophage
     6 | D        | Reached skill level 6 in Dodging
     6 | D        | Reached skill level 7 in Stealth
     6 | D        | Reached skill level 5 in Spellcasting
     6 | D        | Reached skill level 5 in Hexes
     6 | D        | Reached XP level 2. HP: 10/13 MP: 5/9
     6 | D        | Reached XP level 3. HP: 12/16 MP: 6/11
     6 | D        | Reached XP level 4. HP: 15/21 MP: 6/12
    12 | D        | Killed a necrophage
    12 | D        | Reached skill level 8 in Dodging
    12 | D        | Reached skill level 9 in Stealth
    12 | D        | Reached XP level 5. HP: 17/24 MP: 6/15
    18 | D        | Killed a necrophage
    18 | D        | Reached skill level 10 in Stealth
    21 | D        | HP: 1/24 [necrophage (7)]
    36 | D        | Killed a necrophage
    36 | D        | Reached skill level 5 in Short Blades
    36 | D        | Reached skill level 11 in Stealth
    36 | D        | Reached XP level 6. HP: 17/28 MP: 7/18
    49 | D        | Learned a level 2 spell: Ensorcelled Hibernation
    53 | D        | Learned a level 3 spell: Confuse
    57 | D        | Learned a level 3 spell: Tukima's Dance
    61 | D        | Learned a level 3 spell: Dazzling Spray
   104 | D        | Noticed Menkaure
   104 | D        | Noticed an orange crystal statue
   104 | D        | Killed Menkaure
   104 | D        | Reached skill level 10 in Dodging
   162 | D        | Noticed a worker ant
   162 | D        | Noticed a worker ant
   165 | D        | Killed a worker ant
   168 | D        | Killed a worker ant
   169 | D        | Noticed a worker ant
   169 | D        | Noticed a worker ant
   171 | D        | Killed a worker ant
   171 | D        | Reached skill level 1 in Ice Magic
   174 | D        | Killed a worker ant
   213 | D        | Noticed a boulder beetle
   213 | D        | Noticed a boulder beetle
   279 | D        | Killed a boulder beetle
   279 | D        | Reached skill level 12 in Stealth
   279 | D        | Reached skill level 1 in Conjurations
   279 | D        | Reached XP level 7. HP: 32/32 MP: 9/21
   433 | D        | Killed a boulder beetle
   433 | D        | Reached skill level 10 in Spellcasting
   526 | D        | Noticed an obsidian statue
   528 | D        | Noticed a crocodile
   529 | D        | Found Qaduah's Book Shoppe.
   529 | D        | Found Ypiu's Antique Weapon Emporium.
   530 | D        | Killed a crocodile
   530 | D        | Reached skill level 13 in Stealth
   569 | D        | Found Hoynk's Magic Scroll Emporium.
   569 | D        | Found Sujudepto's Weapon Emporium.
   569 | D        | Found Imuifuz's Antique Armour Shoppe.
   569 | D        | Found Hociex's Distillery.
   569 | D        | Found Vasaoxop's Armour Shoppe.
   570 | D        | Found Ryptoefioff's Jewellery Emporium.
   570 | D        | Found Joan's Weapon Shoppe.
   571 | D        | Found Yrycuiv's Gadget Shoppe.
   571 | D        | Found Qeamola's Distillery.
   576 | D        | Noticed a blink frog
   578 | D        | Killed a blink frog
   578 | D        | Reached XP level 8. HP: 36/36 MP: 21/23
   588 | D        | Noticed an ice dragon
   589 | D        | Found Fisul's Food Emporium.
   589 | D        | Found Feuzopn's Food Shoppe.
   589 | D        | Noticed an oklob plant
   590 | D        | Found Kedof's Antique Armour Shoppe.
   590 | D        | Found Reriff's Book Shoppe.
   590 | D        | Found Udefol's Jewellery Emporium.
   591 | D        | Noticed a slime creature
   592 | D        | Noticed a slime creature
   592 | D        | Noticed a slime creature
   611 | D        | Noticed a yak
   623 | D        | Noticed a yak
   638 | D        | Bought a book of Burglary for 900 gold pieces
   645 | D        | Bought an embroidered robe for 17 gold pieces
   660 | D        | Learned a level 3 spell: Passwall
   667 | D        | Learned a level 6 spell: Darkness
   674 | D        | Learned a level 6 spell: Invisibility
   714 | D        | Found a snail-covered altar of Cheibriados.
   716 | D        | Found a roughly hewn altar of Beogh.
   716 | D        | Found an iron altar of Okawaru.
   717 | D        | Found a shimmering altar of Xom.
   717 | D        | Found a glowing golden altar of the Shining One.
   718 | D        | Found a sacrificial altar of Ru.
   718 | D        | Found a deep blue altar of Sif Muna.
   718 | D        | Found a viscous altar of Jiyva.
   718 | D        | Found a stormy altar of Qazlal.
   718 | D        | Found a basalt altar of Yredelemnul.
   719 | D        | Found a shadowy altar of Dithmenos.
   719 | D        | Found a glowing silver altar of Zin.
   719 | D        | Found a burning altar of Makhleb.
   720 | D        | Noticed a crocodile
   722 | D        | Killed a crocodile
   723 | D        | Found an opulent altar of Gozag.
   723 | D        | Found a white marble altar of Elyvilon.
   723 | D        | Found a sparkling altar of Nemelex Xobeh.
   724 | D        | Found a corrupted altar of Lugonu.
   724 | D        | Found a radiant altar of Vehumet.
   725 | D        | Found an ancient bone altar of Kikubaaqudgha.
   725 | D        | Found a blossoming altar of Fedhas.
   726 | D        | Noticed a yaktaur
   726 | D        | Noticed a wasp
   726 | D        | Noticed a polar bear
   727 | D        | Noticed a polar bear
   727 | D        | Noticed a polar bear
   739 | D        | Killed a polar bear
   739 | D        | Reached skill level 1 in Transmutations
   739 | D        | Reached skill level 1 in Earth Magic
   744 | D        | Killed a wasp
   751 | D        | Killed a yaktaur
   751 | D        | Reached skill level 14 in Stealth
   759 | D        | Killed a polar bear
   766 | D        | Killed a polar bear
   889 | D        | Found a bloodstained altar of Trog.
   894 | D        | Noticed a crocodile
   899 | D        | Became a worshipper of Dithmenos the Shadowed
   916 | D        | Noticed a kraken
  1051 | D        | Gained mutation: You tend to lose your temper in combat. [potion of mutation]
  1051 | D        | Gained mutation: You are frail (-10% HP). [potion of mutation]
  1629 | D        | Killed a crocodile
  1629 | D        | Reached XP level 9. HP: 35/35 MP: 16/25
  1633 | D        | Noticed a crocodile
  1633 | D        | Killed a crocodile
  1640 | D        | Noticed a crocodile
  1640 | D        | Killed a crocodile
  1648 | D        | Noticed a flying skull
  1648 | D        | Noticed a flying skull
  1648 | D        | Noticed a flying skull
  1648 | D        | Noticed a flying skull
  1649 | D        | Noticed a flying skull
  1649 | D        | Noticed a flying skull
  1656 | D        | Noticed a flying skull
  1656 | D        | Noticed a flying skull
  1657 | D        | Noticed a flying skull
  1657 | D        | Noticed a flying skull
  1658 | D        | Noticed a flying skull
  1659 | D        | Noticed a flying skull
  1661 | D        | Noticed a flying skull
  1662 | D        | Noticed a flying skull
  1662 | D        | Noticed a flying skull
  1663 | D        | Noticed a flying skull
  1663 | D        | Noticed a flying skull
  1759 | D        | Learned a level 4 spell: Passage of Golubria
  1935 | D        | Slain by a kraken

Vault maps used:
D:        the_violet_keep_of_menkaure

Action                   |  1- 3 |  4- 6 |  7- 9 || total
-------------------------+-------+-------+-------++-------
Melee: Dagger            |     4 |    34 |    41 ||    79
 Cast: Corona            |       |     2 |       ||     2
       Ensorcelled Hiber |       |     7 |    17 ||    24
       Dazzling Spray    |       |     2 |    11 ||    13
       Confuse           |       |     1 |    11 ||    12
       Invisibility      |       |       |     3 ||     3
  Use: Potion            |     1 |     2 |     2 ||     5
       Scroll            |       |       |    10 ||    10
 Stab: Sleeping          |       |     9 |     7 ||    16
       Confused          |       |       |     4 ||     4
       Invisible         |       |       |     8 ||     8
       Fleeing           |       |       |     2 ||     2
  Eat: Royal jelly       |       |       |     1 ||     1
       Fruit             |       |       |     1 ||     1
